 Dungeon Crawl Stone Soup version 0.30-a0-1082-g70414cbcbb (webtiles) character file.

Game seed: 9670789711207782411

92866 NateTC the Warrior (level 16, -17/108 HPs)
             Began as a Gargoyle Fighter on Apr 15, 2023.
             Was the Champion of Okawaru.
             Demolished by NateTC's illusion (illusionary) (24 damage)
             ... woven by Mara
             ... on level 3 of the Snake Pit.
             The game lasted 00:38:34 (16081 turns).

NateTC the Warrior (Gargoyle Fighter)              Turns: 16081, Time: 00:38:35

Health: -17/108    AC: 54    Str: 26    XL:     16   Next: 7%
Magic:  22/24      EV: 13    Int: 13    God:    Okawaru [******]
Gold:   1361       SH: 16    Dex: 19    Spells: 15/15 levels left

rFire   . . .      SeeInvis .    a - +4 eveningstar (protect)
rCold   . . .      Faith    .    w - +2 buckler
rNeg    + . .      Spirit   .    H - +10 plate armour of the Cicada {Harm rElec}
rPois   ∞          Reflect  +    F - +1 hat {Stlth+}
rElec   +          Rampage  .    y - scarf of Okawaru's Vengeance {repulsion, rElec Regen+ Int+4}
rCorr   .          Harm     + .  c - +1 pair of gloves of the Farmer {rPois Regen+ Dex+2}
Will    ++...                    J - +2 pair of boots Stlth
                                 p - amulet of reflection
HPRegen 1.98/turn                g - +6 ring of dexterity
MPRegen 0.19/turn                z - ring of willpower

@: heroic, under a protective aura, flying, repel missiles
A: sickness immunity, AC +12, big wings, negative energy resistance 1,
electricity resistance, torment resistance 1, petrification resistance
a: Renounce Religion, Heroism, Finesse, Duel


You were on level 3 of the Snake Pit.
You worshipped Okawaru.
Okawaru was exalted by your worship.
You visited 4 branches of the dungeon, and saw 18 of its levels.

You collected 1571 gold pieces.
You spent 210 gold pieces at shops.

Inventory:

Hand Weapons
 a - a +4 eveningstar of protection (weapon)
Armour
 c - the +1 pair of gloves of the Farmer (worn) {rPois Regen+ Dex+2}
   (You found it on level 7 of the Dungeon)

   Dex:       It affects your dexterity (+2).
   rPois:     It protects you from poison.
   Regen:     It increases your rate of health regeneration.
 j - a scarf of repulsion
 v - a +1 cloak of willpower
 w - a +2 buckler (worn)
 y - the scarf of Okawaru's Vengeance (worn) {repulsion, rElec Regen+ Int+4}
   (Okawaru gifted it to you on level 1 of the Snake Pit)

   Int:       It affects your intelligence (+4).
   rElec:     It insulates you from electricity.
   Regen:     It increases your rate of health regeneration.
 F - a +1 hat of stealth (worn)
 H - the +10 plate armour of the Cicada (worn) {Harm rElec}
   (Okawaru gifted it to you on level 2 of the Lair of Beasts)

   rElec:     It insulates you from electricity.
   Harm:      It increases damage dealt and taken.
 J - a +2 pair of boots (worn)
Jewellery
 e - a ring of see invisible
 g - a +6 ring of dexterity (left hand)
 o - an amulet of guardian spirit
 p - an amulet of reflection (around neck)
 r - an amulet of the acrobat
 x - a ring of fire
 z - a ring of willpower (right hand)
 B - a ring of ice
 E - a ring of magical power
Wands
 A - a wand of iceblast (16)
 C - a wand of flame (13)
 O - a wand of digging (5)
 Q - a wand of paralysis (6)
Scrolls
 f - 10 scrolls of teleportation
 s - 2 scrolls of identify
 u - a scroll of silence
 D - 2 scrolls of magic mapping
 I - a scroll of enchant weapon
 K - 2 scrolls of fog
 L - 2 scrolls of blinking
 N - a scroll of amnesia
Potions
 b - a potion of resistance
 d - a potion of might
 h - 2 potions of brilliance
 i - 10 potions of curing
 k - 4 potions of ambrosia
 l - 2 potions of haste
 m - 6 potions of heal wounds
 n - a potion of invisibility
 q - 2 potions of cancellation
 t - 2 potions of berserk rage
 G - 2 potions of lignification
 M - 2 potions of mutation
 P - 3 potions of attraction


   Skills:
 - Level 15.2(20.2) Fighting
 * Level 13.4(18.4) Maces & Flails
 - Level 13.0(18.0) Armour
 - Level 5.0(10.0) Dodging
 * Level 12.6(17.6) Shields
 - Level 10.8 Invocations
 - Level 7.7 Evocations


You had 15 spell levels left.
You didn't know any spells.
Your spell library contained the following spells:

 Spells                   Type           Power      Damage    Failure   Level
 Ensorcelled Hibernation  Hex/Ice        0%         N/A       96%         2
 Spider Form              Tmut/Pois      0%         N/A       99%         3
 Anguish                  Hex/Necr       0%         N/A       100%        4
 Petrify                  Tmut/Erth      0%         N/A       100%        4
 Metabolic Englaciation   Hex/Ice        0%         N/A       100%        5
 Statue Form              Tmut/Erth      Unusable   N/A       N/A         6

Dungeon Overview and Level Annotations

Branches:
Dungeon (9/15) Zot: 25764  Temple (0/1) D:6            Lair (5/5) D:9 Zot: 24190
 Shoals (1/4) Lair:3 Zot: 5874   Snake (3/4) Lair:3 Zot: 15969   Slime (0/5) Lair:5
    Orc (0/2) D:9

Altars:
Ashenzari
Cheibriados
Dithmenos
Fedhas
Hepliaklqana
Nemelex Xobeh
Okawaru
Qazlal
Ru
Zin
The Shining One
Jiyva

Shops:
D:4 [   Snake:2 [

Annotations:
D:6 3 runed translucent doors, ArizonaTea's ghost, novice HOFi
Lair:1 1 runed translucent door
Snake:3 Mara


Innate Abilities, Weirdness & Mutations

You are immune to sickness and miasma.
Your stone body is resilient. (AC +12)
You are immune to poison.
Your large and strong wings let you fly.
You resist negative energy. (rN+)
You are resistant to electric shocks. (rElec)
You are resistant to unholy torment.
You are immune to petrification.


Message History

A naga is nearby!
A naga is nearby!
You hit the naga.
Your weapon exudes an aura of protection.
The naga is moderately wounded.
The naga hits you with a +0 scimitar! You block the naga's attack.
A naga is nearby!
You impale the naga!!
You kill the naga!
Okawaru accepts your kill.
No target in view!
You reach down and open the door.
Mara, Lord of Illusions comes into view.
He is wielding a +3 antimagic demon trident.
There is an open door here.
Mara is nearby!
Mara barely misses you.
Mara is nearby!
You hit Mara.
Your weapon exudes an aura of protection.
Mara is lightly wounded.
Mara gestures at you. The bolt of fire hits you!!!
You gain the combat prowess of a mighty hero.
Mara gestures at you.
There is a horrible, sudden wrenching feeling in your soul!
Unknown command.
You puncture Mara!
Mara is lightly wounded.
Mara blinks!
You block Mara's attack.
You puncture Mara!
Mara is moderately wounded.
You bludgeon Mara!!
Mara is heavily wounded.
Mara gestures at you. The bolt of fire hits you!!!
Ouch! That really hurt!
* * * LOW HITPOINT WARNING * * *
NateTC's illusion hits you!!
You die...

#..##.#
##........#
#..##.#
#.........#
#..##.#
#........#
#####.###.......#
#...'.)....#
#####.....##
###'####
+......##
#...@@..#
#...R....#
#.........#
#..........#
#..........#
#.........##
#........##
#.......##


You could see Mara and NateTC's illusion.

Vanquished Creatures
  Gastronok (Lair:3)
  A nagaraja (Snake:2)
  A merfolk impaler (Shoals:1)
  A fire dragon (Lair:5)
  11 anacondas
  4 hydras
  A boulder beetle (Lair:5)
  A two-headed ogre (D:9)
  Erica (Lair:2)
  A death yak (Lair:4)
  A shock serpent (Snake:2)
  5 naga warriors
  4 naga sharpshooters
  A skyshark (Shoals:1)
  2 sea snakes (Snake:1)
  5 naga ritualists
  A salamander mystic (Snake:1)
  5 mana vipers
  Pikel (D:6)
  2 lindwurms
  A deep elf pyromancer (D:8)
  16 elephants
  5 salamanders
  30 black mambas
  5 torpor snails (Lair:5)
  7 naga magi
  11 cane toads
  3 rime drakes
  3 komodo dragons
  4 merfolk (Shoals:1)
  4 tyrant leeches (Lair:5)
  6 hornets (Lair:5)
  13 polar bears
  2 raiju (Lair:5)
  A wind drake (Shoals:1)
  11 dream sheep (Lair:4)
  24 blink frogs
  2 snapping turtles
  A vampire (D:8)
  2 wraiths (D:9)
  63 yaks
  A human (Lair:1)
  6 wyverns
  A steam dragon (D:7)
  3 basilisks
  18 nagas
  6 wargs (Lair:5)
  16 water moccasins
  13 hell hounds (Lair:5)
  A hornet zombie (D:7)
  2 sky beasts
  13 black bears
  4 orc warriors
  49 wolves
  A centaur (D:6)
  3 phantoms
  A kobold brigand (D:8)
  A gnoll sergeant (D:5)
  12 bullfrogs
  8 scorpions
  9 wights (D:7)
  3 killer bees (D:9)
  5 electric eels
  3 centaur zombies (D:7)
  3 hounds
  2 gnoll boudas
  10 jellies
  3 sleepcaps
  5 orc priests
  9 iguanas
  3 orc wizards
  A killer bee zombie (D:7)
  A howler monkey zombie (D:7)
  12 gnolls
  7 adders
  3 shadow imps
  2 white imps
  6 ufetubi
  2 worms (D:2)
  2 dart slugs
  33 orcs
  6 ball pythons
  9 bats
  7 endoplasms
  7 goblins
  6 hobgoblins
  2 jackals (D:3)
  2 quokkas (D:2)
  3 frilled lizards (D:2)
  10 kobolds
  2 rats (D:2)
601 creatures vanquished.

Vanquished Creatures (others)
  28 fungi
  52 plants
  3 withered plants (D:7)
83 creatures vanquished.

Grand Total: 684 creatures vanquished

Notes
Turn   | Place    | Note
-------+----------+-------------------------------------------
     0 | D:1      | NateTC the Gargoyle Fighter began the quest for the Orb.
     0 | D:1      | Reached XP level 1. HP: 14/14 MP: 1/1
   224 | D:1      | Reached XP level 2. HP: 18/19 MP: 2/2
   578 | D:1      | Found a faded altar of an unknown god.
   739 | D:2      | Reached XP level 3. HP: 24/24 MP: 3/3
   854 | D:2      | Reached skill level 4 in Fighting
  1085 | D:2      | Reached XP level 4. HP: 29/29 MP: 4/4
  1617 | D:3      | Found a broken altar of Ashenzari.
  1700 | D:4      | Reached XP level 5. HP: 33/34 MP: 5/5
  1730 | D:4      | Found an iron altar of Okawaru.
  1739 | D:4      | Became a worshipper of Warmaster Okawaru
  1762 | D:4      | Reached skill level 1 in Dodging
  2070 | D:4      | Reached skill level 5 in Fighting
  2070 | D:4      | Reached XP level 6. HP: 38/40 MP: 4/6
  2216 | D:4      | Found Huunion's Antique Armour Boutique.
  2333 | D:4      | Reached * piety under Okawaru
  2540 | D:5      | Entered Level 5 of the Dungeon
  2803 | D:5      | Reached skill level 6 in Fighting
  2803 | D:5      | Reached XP level 7. HP: 46/46 MP: 7/7
  2830 | D:5      | Reached skill level 1 in Invocations
  2874 | D:5      | Found a sacrificial altar of Ru.
  3140 | D:5      | Reached skill level 7 in Fighting
  3144 | D:5      | Reached XP level 8. HP: 44/53 MP: 6/9
  3461 | D:5      | Reached ** piety under Okawaru
  3465 | D:5      | Found a stormy altar of Qazlal.
  4023 | D:4      | Bought a glowing cloak for 210 gold pieces
  4286 | D:6      | Reached skill level 8 in Fighting
  4286 | D:6      | Reached skill level 5 in Maces & Flails
  4299 | D:6      | Found a runed translucent gate.
  4299 | D:6      | Found a runed translucent gate.
  4300 | D:6      | Found a runed translucent gate.
  4304 | D:6      | Noticed ArizonaTea's ghost (novice HOFi)
  4405 | D:6      | Reached skill level 5 in Armour
  4405 | D:6      | Reached skill level 5 in Shields
  4512 | D:6      | Noticed Pikel
  4527 | D:6      | Killed Pikel
  4527 | D:6      | Reached *** piety under Okawaru
  4528 | D:6      | Reached XP level 9. HP: 50/59 MP: 9/12
  4860 | D:6      | Found a staircase to the Ecumenical Temple.
  5312 | D:7      | Identified the +1 pair of gloves of the Farmer {rPois
                  | Regen+ Dex+2}
  5330 | D:7      | Reached **** piety under Okawaru
  5514 | D:7      | Reached XP level 10. HP: 60/64 MP: 13/13
  5760 | D:8      | Reached skill level 5 in Invocations
  5780 | D:8      | Reached ***** piety under Okawaru
  5816 | D:8      | Found a shadowy altar of Dithmenos.
  5918 | D:7      | Identified the -2 cloak of Okawaru's Scorn {Dex+2} (Okawaru
                  | gifted it to you on level 7 of the Dungeon)
  5918 | D:7      | Received a gift from Okawaru
  6108 | D:8      | Noticed a deep elf pyromancer
  6148 | D:8      | Killed a deep elf pyromancer
  6645 | D:8      | Reached XP level 11. HP: 37/68 MP: 12/15
  6691 | D:9      | Found a staircase to the Lair.
  6736 | D:9      | Found a hazy altar of Hepliaklqana.
  6739 | D:9      | Found a sparkling altar of Nemelex Xobeh.
  6762 | D:9      | Found a snail-covered altar of Cheibriados.
  6763 | D:9      | Found a blossoming altar of Fedhas.
  6763 | D:9      | Found a glowing golden altar of the Shining One.
  6874 | D:9      | Reached skill level 10 in Maces & Flails
  7008 | D:9      | Found a glowing silver altar of Zin.
  7064 | D:9      | Found a staircase to the Orcish Mines.
  7081 | D:9      | Noticed a two-headed ogre
  7092 | D:9      | Killed a two-headed ogre
  7784 | D:9      | Identified a scroll of acquirement
  7784 | D:9      | Acquired a ring of ice
  7839 | Lair:1   | Entered Level 1 of the Lair of Beasts
  8526 | Lair:1   | Found a runed translucent door.
  8539 | Lair:1   | Noticed a reaper
  8796 | Lair:2   | Noticed Erica
  8877 | Lair:1   | Identified the +6 dire flail of Sowygg {distort, Dex+2}
                  | (Okawaru gifted it to you on level 1 of the Lair of Beasts)
  8877 | Lair:1   | Received a gift from Okawaru
  8902 | Lair:1   | Reached XP level 12. HP: 46/75 MP: 17/17
  9046 | Lair:2   | Killed Erica
  9189 | Lair:2   | Reached skill level 9 in Fighting
  9227 | Lair:2   | Noticed a seven-headed hydra
  9241 | Lair:2   | Killed a seven-headed hydra
  9241 | Lair:2   | Identified the +10 plate armour of the Cicada {Harm rElec}
                  | (Okawaru gifted it to you on level 2 of the Lair of Beasts)
  9241 | Lair:2   | Received a gift from Okawaru
  9416 | Lair:2   | Reached skill level 5 in Dodging
  9804 | Lair:3   | Reached skill level 10 in Fighting
  9867 | Lair:3   | Reached skill level 11 in Fighting
  9957 | Lair:3   | Noticed Gastronok
  9986 | Lair:3   | Killed Gastronok
  9987 | Lair:3   | Reached skill level 12 in Fighting
  9987 | Lair:3   | Reached XP level 13. HP: 87/87 MP: 19/19
 10001 | Lair:3   | Reached ****** piety under Okawaru
 10010 | Lair:3   | Identified the +5 broad axe of Premature Burial {flame,
                  | Dex+4} (Okawaru gifted it to you on level 3 of the Lair of
                  | Beasts)
 10010 | Lair:3   | Received a gift from Okawaru
 10011 | Lair:3   | Reached skill level 1 in Evocations
 10298 | Lair:3   | Reached skill level 10 in Armour
 10430 | Lair:3   | Found a staircase to the Snake Pit.
 10516 | Lair:3   | Reached skill level 13 in Fighting
 10531 | Lair:3   | Identified the +1 ring mail of Gifeikhlu {Str+2} (Okawaru
                  | gifted it to you on level 3 of the Lair of Beasts)
 10531 | Lair:3   | Received a gift from Okawaru
 10744 | Lair:3   | Found a staircase to the Shoals.
 11503 | Lair:4   | Found a shadowy altar of Dithmenos.
 11946 | Lair:5   | Entered Level 5 of the Lair of Beasts
 11968 | Lair:5   | Gained mutation: Your large and strong wings let you fly.
                  | [Gargoyle growth]
 11968 | Lair:5   | Reached XP level 14. HP: 94/94 MP: 21/21
 12003 | Lair:5   | Reached skill level 10 in Invocations
 12063 | Lair:5   | Received a gift from Okawaru
 12075 | Lair:5   | Reached skill level 5 in Evocations
 12450 | Lair:5   | Reached skill level 14 in Fighting
 12652 | Lair:5   | Identified the +6 double sword of Evil {protect, Str+3}
                  | (Okawaru gifted it to you on level 5 of the Lair of Beasts)
 12652 | Lair:5   | Received a gift from Okawaru
 12830 | Lair:5   | Found a staircase to the Slime Pits.
 12833 | Lair:5   | Found a viscous altar of Jiyva.
 12998 | Lair:5   | Found a runed translucent door.
 13144 | Lair:5   | Received a gift from Okawaru
 13789 | Shoals:1 | Entered Level 1 of the Shoals
 14003 | Snake:1  | Entered Level 1 of the Snake Pit
 14050 | Snake:1  | Reached XP level 15. HP: 93/101 MP: 23/23
 14094 | Snake:1  | Identified the scarf of Okawaru's Vengeance {repulsion,
                  | rElec Regen+ Int+4} (Okawaru gifted it to you on level 1 of
                  | the Snake Pit)
 14094 | Snake:1  | Received a gift from Okawaru
 14117 | Snake:1  | Reached skill level 10 in Shields
 14263 | Snake:1  | Reached skill level 15 in Fighting
 15173 | Snake:2  | Identified the +11 flail of the Hills {flame, rPois rN++}
 15284 | Snake:2  | Noticed a nagaraja
 15306 | Snake:2  | Killed a nagaraja
 15310 | Snake:2  | Identified the +8 broad axe "Death Rattle" {heavy, Int+3
                  | Dex+3 Stlth+} (Okawaru gifted it to you on level 2 of the
                  | Snake Pit)
 15310 | Snake:2  | Received a gift from Okawaru
 15567 | Snake:2  | Found Mahuh's Armour Emporium.
 15960 | Snake:3  | Reached XP level 16. HP: 108/108 MP: 24/24
 16073 | Snake:3  | Noticed Mara
 16078 | Snake:3  | Noticed NateTC's illusion
 16081 | Snake:3  | Demolished by NateTC's illusion (illusionary)

Illustrated notes

Levels and vault maps discovered:
D:1:      amcnicky_arrival_gap_in_the_tavern_cellar, layout_loops_cross,
          nicolae_ecumenical_snake_handling, corexii_item_surrounded_by_moat
D:2:      layout_loops_ring
D:3:      layout_loops_ring, nicolae_overflow_two_pavilions,
          nicolae_overflow_hidden_temple
D:4:      layout_loops_cross, overflow_temple_1_default, serial_shops, shop,
          palyth_stone_intersect, amethyst_killhole
D:5:      minmay_recursive_quarters, layout_basic,
          mainiacjoe_overflow_tiny_flanked, amcnicky_altar_gilded,
          serial_co_window_serial, co_window_paths_b, co_window_corner_a,
          co_window_of_opportunity_a, co_window_paths_b, co_window_paths_b,
          co_window_cross_1, co_window_corner_a, co_window_paths_c,
          co_window_unsneaky_path_e, co_window_2corner, co_window_4corner_a,
          minmay_circle_x
D:6:      layout_basic, lemuel_temple_firewalk_b, gammafunk_ghost_nasty_kobolds,
          uniq_pikel
D:7:      layout_cave_pools, serial_undead, serial_undead_e, serial_undead_a,
          serial_undead_e, serial_undead_d
D:8:      nicolae_hitomezashi [nicolae_hito_row, nicolae_hito_row,
          nicolae_hito_row, nicolae_hito_row, nicolae_hito_row,
          nicolae_hito_row, nicolae_hito_row, nicolae_hito_row,
          nicolae_hito_row, nicolae_hito_row, nicolae_hito_row,
          nicolae_hito_row, nicolae_hito_row, nicolae_hito_row,
          nicolae_hito_row, nicolae_hito_row, nicolae_hito_row,
          nicolae_hito_row], layout_gridville, lemuel_tele_altar
D:9:      layout_long_grid, grunt_temple_overflow_open,
          mainiacjoe_overflow_surrounded_room, minmay_lair_entry_grove,
          orc_0_dummy
Lair:1:   statuecave_lemuel, layout_small_grid, pdpol_lair_cabin_in_the_woods,
          grunt_megastairs_3
Lair:2:   layout_chaotic_city, st_stairs_8, grunt_megastairs_5,
          serial_bayou_shore_b, uniq_erica
Lair:3:   layout_loops_ring, minmay_shoals_entry_hut, dummy_snake_entry,
          grunt_forest_large_clearings, lemuel_fruit_tree,
          infiniplex_staircase_pool_2, uniq_gastronok
Lair:4:   layout_regular_city, basic_altar, beast_lair_carwin_5
Lair:5:   hangedman_lair_caniforms_friends, layout_long_grid, wormcave,
          nicolae_slime_entry_field_trip, lightli_volcano_entry_magma_tube
Shoals:1: layout_shoals, serial_shops, shop
Snake:1:  layout_onion_interference, serial_bayou_shore_a
Snake:2:  layout_rooms, serial_shops, nicolae_shop_tiny_waterfront
Snake:3:  layout_gridlike, grunt_megastairs_2, uniq_vashnia, uniq_mara

Skill      XL: |  1  2  3  4  5  6  7  8  9 10 11 12 13 14 15 |
---------------+----------------------------------------------+-----
Fighting       | 4 5 6 7 8 12 13 14 15 | 15.2
Armour         | 4 5 6 8 9 11 12 13 | 13.0
Shields        | 4 5 7 8 9 12 | 12.6
Dodging        | 1 2 5 |  5.0
Maces & Flails | 3 4 5 7 9 11 12 13 | 13.4
Invocations    | 2 4 6 7 8 9 10 | 10.8
Evocations     | 4 6 7 |  7.7

Action                     |  1- 3 |  4- 6 |  7- 9 | 10-12 | 13-15 | 16-18 || total
---------------------------+-------+-------+-------+-------+-------+-------++-------
  Melee: Flail             |   108 |   149 |   301 |   905 |  1108 |       ||  2571
         Eveningstar       |       |       |       |       |   503 |    37 ||   540
 Invoke: Heroism           |       |     1 |     2 |     6 |     2 |     1 ||    12
    Use: Scroll            |     3 |     7 |     7 |     9 |     4 |       ||    30
         Potion            |       |     3 |       |       |       |       ||     3
 Armour: Scale mail        |    63 |    97 |   142 |       |       |       ||   302
         Plate armour      |       |       |    82 |   641 |  1333 |    13 ||  2069
  Dodge: Dodged            |    53 |    87 |   155 |   331 |   709 |     6 ||  1341
         Repelled          |       |     3 |       |       |    18 |       ||    21
  Block: Buckler           |    31 |    50 |   151 |   823 |  1574 |    25 ||  2654
         Kite shield       |       |     4 |    98 |       |       |       ||   102
         Reflection        |       |       |     3 |     4 |    27 |     1 ||    35

Table legend: (Time is in decaauts)
 A = Elapsed time spent in this place.
 B = Non-inter-level travel time spent in this place.
 C = Inter-level travel time spent in this place.
 D = Time resting spent in this place.
 E = Time spent auto-exploring this place.
 F = Levels seen in this place.
 G = Mean time per level.
                   A        B        C        D        E       F      G
               +--------+--------+--------+--------+--------+-----+--------+
         Total |  15913 |  15280 |    633 |    888 |   9264 |  18 |  884.1 |
       Dungeon |   7948 |   7610 |    338 |    622 |   4829 |   9 |  883.1 |
          Lair |   5810 |   5540 |    270 |    216 |   3113 |   5 | 1162.0 |
        Shoals |    125 |    124 |      1 |      0 |     21 |   1 |  125.0 |
     Snake Pit |   2029 |   2006 |     23 |     50 |   1301 |   3 |  676.3 |
               +--------+--------+--------+--------+--------+-----+--------+

Top non-repeatable levels by time:
  Lair:5: 1721 daAuts
     D:5: 1618 daAuts
  Lair:3: 1221 daAuts
     D:9: 1192 daAuts
  Lair:1: 1133 daAuts
 Snake:1: 1094 daAuts
     D:4: 1033 daAuts
  Lair:4: 952 daAuts
     D:6: 945 daAuts
     D:8: 840 daAuts
  Lair:2: 780 daAuts
     D:2: 730 daAuts
     D:1: 702 daAuts
 Snake:2: 661 daAuts
     D:7: 578 daAuts
